 Dungeon Crawl Stone Soup version 0.21-a0-67-g3f13d09 (webtiles) character file.

3040 skittles the Arsonist (level 9, -4/62 HPs)
             Began as a Pale Draconian Fire Elementalist on June 17, 2017.
             Was a Follower of Vehumet.
             Slain by a wolf spider (16 damage)
             ... on level 8 of the Dungeon.
             The game lasted 00:19:48 (8481 turns).

skittles the Arsonist (DrFE)                        Turns: 8481, Time: 00:19:49

Health: -4/62      AC:  8    Str: 10    XL:     9   Next: 56%
Magic:  15/19      EV: 12    Int: 20    God:    Vehumet [*.....]
Gold:   360        SH:  0    Dex: 11    Spells: 8/22 levels left

rFire    . . .     SeeInvis .   g - +1 falchion (slice)
rCold    . . .     Gourm    .   (no shield)
rNeg     . . .     Faith    .   (armour unavailable)
rPois    .         Spirit   .   (helmet restricted)
rElec    .         Reflect  .   (no cloak)
rCorr    .         Harm     +   (no gloves)
MR       .....                  A - +0 pair of boots
Stlth    ++........             l - amulet of harm
HPRegen  0.20/turn              (no ring)
MPRegen  0.16/turn              (no ring)

@: no status effects
A: breathe steam, unfitting armour, cold-blooded, AC +7
a: Breathe Steam, Renounce Religion


You were on level 8 of the Dungeon.
You worshipped Vehumet.
Vehumet was aware of your devotion.
You were very hungry.

You visited 2 branches of the dungeon, and saw 9 of its levels.

You collected 360 gold pieces.

Inventory:

Hand Weapons
 g - a +1 falchion of slicing (weapon)
 t - a +2 hand axe
 u - a cursed -2 trident
 I - a +0 whip of freezing
Armour
 A - a +0 pair of boots (worn)
 G - a +0 shield
Jewellery
 l - an amulet of harm (around neck)
Wands
 z - a wand of lightning (13/15)
 D - a wand of digging (10/24)
 F - a wand of iceblast (3/15)
 H - a wand of iceblast (5/15)
Scrolls
 c - a scroll of enchant weapon {unknown}
 f - 2 scrolls of enchant armour {unknown}
 k - 2 scrolls of fear {unknown}
 q - 9 scrolls of identify {unknown}
 r - 3 scrolls of teleportation {unknown}
 s - 4 scrolls of remove curse
 v - a scroll of fog {unknown}
 w - 3 scrolls of amnesia
 x - 2 scrolls of magic mapping {unknown}
 y - a scroll of brand weapon {unknown}
Potions
 e - a potion of lignification {unknown}
 h - 3 potions of curing
 i - 2 potions of heal wounds {unknown}
 j - 3 potions of ambrosia {unknown}
 m - 2 potions of agility {unknown}
 n - a potion of flight {unknown}
 C - a potion of haste {unknown}
 E - a potion of might {unknown}
Books
 a - a book of Flames

   Spells                             Type                      Level
   a - Flame Tongue                   Conjuration/Fire             1
   b - Throw Flame                    Conjuration/Fire             2
   c - Conjure Flame                  Conjuration/Fire             3
   d - Inner Flame                    Hexes/Fire                   3
   e - Sticky Flame                   Conjuration/Fire             4
   f - Fireball                       Conjuration/Fire             5
 B - a book of Callings

   Spells                             Type                      Level
   a - Summon Small Mammal            Summoning                    1
   b - Call Imp                       Summoning                    2
   c - Call Canine Familiar           Summoning                    3
   d - Summon Guardian Golem          Hexes/Summoning              3
   e - Summon Lightning Spire         Summoning/Air                4
   f - Summon Ice Beast               Ice/Summoning                4
Comestibles
 b - 5 bread rations
 d - 2 fruits
 o - 2 meat rations
 p - 4 royal jellies


   Skills:
 - Level 1.7 Dodging
 - Level 1.7 Stealth
 + Level 7.3 Spellcasting
 + Level 7.8 Conjurations
 + Level 9.2 Fire Magic


You had 8 spell levels left.
You knew the following spells:

 Your Spells              Type           Power        Failure   Level  Hunger
a - Flame Tongue          Conj/Fire      #####        1%          1    None
b - Conjure Flame         Conj/Fire      #####...     1%          3    #......
c - Sticky Flame          Conj/Fire      #####...     2%          4    ###....
d - Fireball              Conj/Fire      #####.....   8%          5    #####..
e - Shock                 Conj/Air       ###.         1%          1    None


Dungeon Overview and Level Annotations

Branches:
Dungeon (8/15)             Temple (1/1) D:4
   Lair: D:8-11

Altars:
Ashenzari
Cheibriados
Dithmenos
Elyvilon
Fedhas
Gozag
Hepliaklqana
Kikubaaqudgha
Makhleb
Nemelex Xobeh
Okawaru
Qazlal
Ru
Sif Muna
Trog
Uskayaw
Vehumet
Wu Jian
Xom
Yredelemnul
Zin
The Shining One


Innate Abilities, Weirdness & Mutations

You can breathe blasts of scalding, opaque steam.
Your pale cyan-grey scales are hard. (AC +7)
You cannot fit into any form of body armour.
You are cold-blooded and may be slowed by cold attacks.


Message History

Press: ? - help, Shift-Dir - straight line, f - wolf spider
Aim: a wolf spider (clinging)
The sticky flame hits the wolf spider.
The wolf spider is lightly wounded.
The wolf spider is covered in liquid flames!
The wolf spider burns!
The wolf spider hits you but does no damage.
The wolf spider closely misses you. The wolf spider hits you!!
The wolf spider bites you but does no damage.
The wolf spider burns!
The wolf spider burns!
The wolf spider hits you!
* * * LOW HITPOINT WARNING * * *
The wolf spider bites you!
* * * LOW HITPOINT WARNING * * *
You are lethally poisoned!
The wolf spider poisons you!
Okay, then.
It was a potion of curing.
You feel better.
The wolf spider burns!
The wolf spider stops burning.
The wolf spider hits you!
You die...

###########
#.........#
#.######.## #.#
#.# . #####.#
#.# >.. ..<#.#
#.#
.....######..#.#
#.#
........s@...#.#
#.#
........†....#.#
#.#
.###...........#
#.#
##.##########
#.# ... #....#
#.# .... #.##.#
#.# ###.
#.##.#########.#
..
#..............#
####.###########


You could see a wolf spider.

Vanquished Creatures
  Pikel (D:7)
  A troll (D:7)
  3 slaves (D:7)
  An ice beast (D:5)
  2 sky beasts
  2 phantoms (D:4)
  A centaur (D:6)
  3 ogres
  5 bullfrogs
  5 wights
  A howler monkey (D:5)
  7 electric eels (D:7)
  2 crimson imps
  A hound (D:6)
  A jelly (D:8)
  2 orc wizards (D:7)
  5 orc priests
  Terence (D:3)
  An iguana (D:4)
  5 worker ants
  A hound skeleton (D:6)
  A howler monkey zombie (D:6)
  3 gnolls (D:3)
  9 adders
  2 oozes
  An adder skeleton (D:7)
  A worm (D:4)
  3 dart slugs
  5 leopard geckos
  12 orcs
  12 bats
  5 giant cockroaches
  10 hobgoblins
  3 jackals (D:5)
  11 kobolds
  3 quokkas
  2 ball pythons
  7 frilled lizards
  11 goblins
  A leopard gecko skeleton (D:5)
  6 rats
159 creatures vanquished.

Notes
Turn   | Place    | Note
-------+----------+-------------------------------------------
     0 | D:1      | skittles the Draconian Fire Elementalist began the quest for the Orb.
     0 | D:1      | Reached XP level 1. HP: 14/14 MP: 3/3
   397 | D:1      | Reached XP level 2. HP: 10/20 MP: 3/5
  1027 | D:1      | Reached XP level 3. HP: 26/26 MP: 6/6
  1701 | D:2      | Learned a level 3 spell: Conjure Flame
  1754 | D:2      | Reached XP level 4. HP: 14/33 MP: 1/8
  2269 | D:2      | Learned a level 4 spell: Sticky Flame
  2627 | D:3      | Reached skill level 4 in Fire Magic
  2826 | D:3      | Reached XP level 5. HP: 38/38 MP: 6/9
  3291 | D:3      | Noticed Terence
  3654 | D:3      | Killed Terence
  3817 | D:4      | Noticed a phantom
  3830 | D:4      | Killed a phantom
  3830 | D:4      | Reached XP level 6. HP: 33/45 MP: 0/11
  4040 | D:4      | Reached skill level 5 in Fire Magic
  4114 | D:4      | Noticed a sky beast
  4125 | D:4      | Killed a sky beast
  4292 | D:4      | Your scales start taking on a pale cyan-grey colour.
  4292 | D:4      | Reached XP level 7. HP: 32/50 MP: 7/13
  4644 | D:4      | Found a staircase to the Ecumenical Temple.
  4648 | Temple   | Entered the Ecumenical Temple
  4936 | D:4      | Reached skill level 6 in Fire Magic
  4989 | D:5      | Entered Level 5 of the Dungeon
  5443 | D:5      | Found a deep blue altar of Sif Muna.
  5671 | D:5      | Found a radiant altar of Vehumet.
  5671 | D:5      | Found a blossoming altar of Fedhas.
  5671 | D:5      | Found a white marble altar of Elyvilon.
  5674 | D:5      | Found a basalt altar of Yredelemnul.
  5681 | D:5      | Became a worshipper of Vehumet
  5713 | D:6      | Reached skill level 5 in Spellcasting
  5753 | D:6      | Reached skill level 5 in Conjurations
  5890 | D:5      | Reached XP level 8. HP: 54/57 MP: 15/15
  6349 | D:6      | Reached skill level 7 in Fire Magic
  6658 | D:6      | Learned a level 5 spell: Fireball
  7384 | D:7      | Reached * piety under Vehumet
  7384 | D:7      | Offered knowledge of Shock by Vehumet.
  7387 | D:7      | Learned a level 1 spell: Shock
  7466 | D:7      | Noticed Pikel
  7468 | D:7      | Reached skill level 8 in Fire Magic
  7619 | D:7      | Noticed a troll
  7630 | D:7      | Killed a troll
  7630 | D:7      | Reached XP level 9. HP: 12/62 MP: 7/18
  8219 | D:7      | Killed Pikel
  8219 | D:7      | Reached skill level 9 in Fire Magic
  8260 | D:8      | Found an ornate altar of the Wu Jian Council.
  8476 | D:8      | Noticed a wolf spider
  8480 | D:8      | HP: 3/62 [wolf spider (15)]
  8481 | D:8      | Slain by a wolf spider

Vault maps used:
D:1:      minmay_arrival_floating_metal, glass_columns_b
D:2:      first_bread
D:3:      uniq_terence
D:4:      temple_hall_moat, minmay_three_crescents
D:5:      nicolae_overflow_hidden_temple
D:7:      kennysheep_boxes, uniq_pikel
D:8:      minmay_diamond_stairs, old_standard_altar
Temple:   nicolae_temple_elliptical

Skill      XL: |  1  2  3  4  5  6  7  8  9 |
---------------+----------------------------+-----
Conjurations   | 2 3 4 5 6 7 |  7.8
Spellcasting   | 3 4 5 6 7 |  7.3
Fire Magic     | 4 5 6 8 9 |  9.2
Dodging        | |  1.7
Stealth        | |  1.7

Action                   |  1- 3 |  4- 6 |  7- 9 || total
-------------------------+-------+-------+-------++-------
Melee: Club              |    35 |       |       ||    35
       Tailslap          |     8 |    10 |    16 ||    34
       Unarmed           |     2 |       |       ||     2
       Spear             |   103 |   130 |       ||   233
       Falchion          |       |    26 |   122 ||   148
 Cast: Flame Tongue      |    24 |    57 |    63 ||   144
       Sticky Flame      |       |     4 |    19 ||    23
       Conjure Flame     |       |     3 |       ||     3
       Fireball          |       |       |     4 ||     4
       Shock             |       |       |     5 ||     5
  Use: Scroll            |     2 |     2 |       ||     4
       Potion            |       |       |     1 ||     1
 Stab: Sleeping          |     4 |     5 |     1 ||    10
  Eat: Chunk             |     3 |     8 |    14 ||    25
       Fruit             |       |     1 |     3 ||     4
Armor: Skin              |    43 |    41 |    51 ||   135
Dodge: Dodged            |   108 |   102 |   114 ||   324
       Rpst.: Falchion   |       |     8 |    39 ||    47
